 Dungeon Crawl Stone Soup version 0.20.1-1-g8b1a95d (webtiles) character file.

77 taka the Skirmisher (level 4, -3/35 HPs)
             Began as a Human Wanderer on Aug 20, 2017.
             Slain by a gnoll
             ... wielding a +4 spear
              (8 damage)
             ... on level 2 of the Dungeon.
             The game lasted 00:10:00 (2719 turns).

taka the Skirmisher (Human Wanderer)                Turns: 2719, Time: 00:10:01

Health: -3/35      AC:  3    Str: 13    XL:     4   Next: 58%
Magic:  14/14      EV:  9    Int: 13    God:
Gold:   74         SH:  7    Dex: 10    Spells: 5/5 levels left

rFire    . . .     SeeInvis .   b - +0 spear
rCold    . . .     Gourm    .   a - +0 shield
rNeg     . . .     Faith    .   d - +0 robe
rPois    .         Spirit   .   k - +0 helmet
rElec    .         Reflect  .   (no cloak)
rCorr    .         Harm     .   (no gloves)
MR       .....                  (no boots)
Stlth    ++........             (no amulet)
Regen    0.2/turn               q - -2 ring of dexterity (curse)
MPRegen  0.2/turn               t - ring of magical power

@: lethally poisoned (-3 -> -6)
A: no striking features
a: no special abilities


You were on level 2 of the Dungeon.
You were not hungry.

You visited 1 branch of the dungeon, and saw 3 of its levels.

You collected 74 gold pieces.

Inventory:

Hand Weapons
 b - a +0 spear (weapon)
Armour
 a - a +0 shield (worn)
 d - a +0 robe (worn)
 k - a +0 helmet (worn)
Jewellery
 q - a cursed -2 ring of dexterity (left hand)
 t - a ring of magical power (right hand)
Scrolls
 e - 5 scrolls of identify {unknown}
 h - a scroll of remove curse {unknown}
 j - a scroll of enchant armour {unknown}
 p - a scroll of immolation {unknown}
 u - 2 scrolls of teleportation {unknown}
Potions
 c - a potion of curing
 i - a potion of agility {unknown}
 l - 2 potions of heal wounds {unknown}
 m - a potion of might {unknown}
 o - a potion of haste {unknown}
 r - a potion of cancellation {unknown}
 s - 2 potions of mutation {unknown}
 v - a potion of degeneration {unknown}
Comestibles
 f - 4 bread rations
 g - a royal jelly


   Skills:
 + Level 3.2 Fighting
 + Level 1.4 Polearms
 + Level 1.1 Armour
 + Level 1.0 Dodging
 + Level 1.3 Stealth
 + Level 1.9 Shields
 + Level 1.0 Spellcasting
   Level 2.0 Charms
   Level 2.0 Earth Magic


You had 5 spell levels left.
You didn't know any spells.

Dungeon Overview and Level Annotations

Branches:
Dungeon (3/15)

Altars:
Gozag
Qazlal


Message History

The gnoll hits you from afar with an enchanted spear.
The adder bites you.
You are poisoned.
The adder poisons you!
You miss the adder.
You feel sick. The adder bites you.
The gnoll hits you from afar with an enchanted spear.
You block the adder's attack.
The gnoll hits you from afar with an enchanted spear.
* * * LOW HITPOINT WARNING * * *
You closely miss the adder.
You feel sick. The adder barely misses you. You block the gnoll's attack.
You miss the adder. You block the adder's attack.
The gnoll hits you from afar with an enchanted spear.
* * * LOW HITPOINT WARNING * * *
The adder barely misses you.
You barely miss the adder.
You feel sick. You block the adder's attack.
The gnoll hits you but does no damage.
You miss the adder. You block the adder's attack.
The gnoll hits you from afar with an enchanted spear!
You die...

###### #...'.............#
#....# #####......#####..#
#....## ##.#.#.# #..#
+.....## #.#.#.#####..#
#......# #.#.#...(.#..#
.....#.# #.#.#####.#..#
.....#.## #.#..........#
.<...#..#####.#######(##.#
(...............@Sgg.>)..#
.....##..####.#.###.#.####
..######.# #.#.# #.#.# #.#
#.## #.#'###.#.# #.# #..#
#.......#.###### #.# ##.#
#.....###......# #.# #.#
#.....#...####.# #.#
#.###.#'#.#.#.# #.#
#.#######..##.#.#.#.#.#
#.#


You could see 2 gnolls and an adder.

Vanquished Creatures
  A gnoll (D:2)
  An adder (D:2)
  2 dart slugs (D:1)
  3 leopard geckos
  An orc (D:2)
  3 giant cockroaches
  4 goblins
  5 hobgoblins
  8 jackals
  6 kobolds
  6 bats
  2 frilled lizards (D:1)
  3 rats
45 creatures vanquished.

Notes
Turn   | Place    | Note
-------+----------+-------------------------------------------
     0 | D:1      | taka the Human Wanderer began the quest for the Orb.
     0 | D:1      | taka set off with: a +0 shield, a +0 spear, a potion of curing, a +0 robe, a bread ration
     0 | D:1      | Reached XP level 1. HP: 16/16 MP: 2/2
    64 | D:1      | Reached XP level 2. HP: 4/23 MP: 3/3
   825 | D:1      | Reached XP level 3. HP: 27/28 MP: 4/4
  1239 | D:2      | Reached skill level 3 in Fighting
  1387 | D:2      | Reached skill level 1 in Polearms
  1416 | D:2      | Reached XP level 4. HP: 21/35 MP: 5/5
  2106 | D:2      | Found a stormy altar of Qazlal.
  2223 | D:2      | Found an opulent altar of Gozag.
  2367 | D:2      | Reached skill level 1 in Dodging
  2719 | D:2      | Slain by a gnoll

Skill      XL: |  1  2  3  4 |
---------------+-------------+-----
Fighting       | 3 |  3.2
Polearms       | 1 |  1.4
Dodging        | 1 |  1.0
Armour         | |  1.1
Stealth        | |  1.3
Shields        | |  1.9
Spellcasting   | |  1.0
Charms         | |  2.0
Earth Magic    | |  2.0

Action                   |  1- 3 |  4- 6 || total
-------------------------+-------+-------++-------
Melee: Spear             |   133 |    95 ||   228
 Stab: Sleeping          |     1 |     1 ||     2
  Eat: Chunk             |     2 |     4 ||     6
Armor: Robe              |    36 |    30 ||    66
Dodge: Dodged            |    38 |    59 ||    97
Block: Shield            |    55 |    72 ||   127
